 Dungeon Crawl Stone Soup version 0.22-a0-259-gdd11e71 (webtiles) character file.

1503 JeffiDaFish the Arsonist (level 8, 0/41 HPs)
             Began as a Tengu Fire Elementalist on Mar 6, 2018.
             Was a Follower of Vehumet.
             Killed by divine providence
             ... invoked by an orc priest
              (9 damage)
             ... on level 7 of the Dungeon.
             The game lasted 00:19:30 (6899 turns).

JeffiDaFish the Arsonist (Tengu Fire Elementalist)  Turns: 6899, Time: 00:19:31

Health: 0/41       AC:  7    Str:  9    XL:     8   Next: 82%
Magic:  15/18      EV: 13    Int: 17    God:    Vehumet [*.....]
Gold:   318        SH:  0    Dex: 18    Spells: 6/19 levels left

rFire    . . .     SeeInvis .   g - +2 short sword (protect)
rCold    . . .     Gourm    .   (no shield)
rNeg     . . .     Faith    .   a - +2 robe
rPois    .         Spirit   .   (helmet restricted)
rElec    .         Reflect  .   b - scarf {repulsion}
rCorr    +         Harm     .   e - +2 pair of gloves {Dex+3}
MR       .....     Clarity  +   (boots unavailable)
Stlth    ++........             y - amulet of the acrobat
HPRegen  0.13/turn              k - ring of resist corrosion
MPRegen  0.16/turn              (no ring)

@: hasted, repel missiles, very quick
A: beak, talons 3, blurry vision 1, clarity, able to fly 1
a: Fly, Renounce Religion


You were on level 7 of the Dungeon.
You worshipped Vehumet.
Vehumet was aware of your devotion.
You were not hungry.

You visited 2 branches of the dungeon, and saw 8 of its levels.

You collected 408 gold pieces.
You spent 90 gold pieces at shops.

Inventory:

Hand Weapons
 g - a +2 short sword of protection (weapon)
Armour
 a - a +2 robe (worn)
 b - a scarf of repulsion (worn)
 e - a +2 pair of gloves of dexterity (worn)
Jewellery
 k - a ring of resist corrosion (left hand)
 y - an amulet of the acrobat (around neck)
Wands
 o - a wand of iceblast (8)
 p - a wand of clouds (3)
 t - a wand of flame (15)
 u - a wand of disintegration (14)
 v - a wand of paralysis (12)
Scrolls
 f - 2 scrolls of fear
 l - 4 scrolls of teleportation
 q - 2 scrolls of identify
 r - a scroll of enchant armour
 s - a scroll of amnesia
 w - a scroll of fog
Potions
 h - a potion of cancellation
 i - 2 potions of haste
 j - a potion of agility
 m - a potion of curing
 n - a potion of lignification
Comestibles
 c - 5 rations
 x - 2 chunks of flesh


   Skills:
 - Level 2.4 Dodging
 - Level 2.0 Stealth
 * Level 6.4 Spellcasting
 + Level 6.1 Conjurations
 * Level 8.1 Fire Magic


You had 6 spell levels left.
You knew the following spells:

 Your Spells              Type           Power        Failure   Level  Hunger
a - Flame Tongue          Conj/Fire      ####.        1%          1    None
b - Conjure Flame         Conj/Fire      ####....     1%          3    ##.....
c - Sticky Flame          Conj/Fire      ####....     6%          4    ####...
d - Fireball              Conj/Fire      ####......   19%         5    #####..


Dungeon Overview and Level Annotations

Branches:
Dungeon (7/15)             Temple (1/1) D:4

Altars:
Ashenzari
Cheibriados
Dithmenos
Gozag
Makhleb
Nemelex Xobeh
Okawaru
Qazlal
Ru
Sif Muna
Trog
Uskayaw
Vehumet
Wu Jian
Xom
Yredelemnul
Zin
The Shining One


Innate Abilities, Weirdness & Mutations

You have a beak for a mouth.
You have claws for feet.
You can fly.
Scrolls take you a little longer to read.
You possess an exceptional clarity of mind.


Message History

Things that are here:
a club; a leather armour 2 orc priests come into view.
The orc warrior shouts!
The orc priest shouts! x2
The orc priest mumbles some strange prayers to Beogh against you.
Beogh smites you!
Casting: Flame Tongue (safe; 1% risk of failure)
Confirm with . or Enter, or press ? or * to list all spells.
Aiming: Conjure Flame (safe; 1% risk of failure)
Press: ? - help, Dir - move target cursor The fire ignites!
The orc warrior hits you with a hand axe!
* * * LOW HITPOINT WARNING * * *
You feel better.
The orc warrior hits you with a hand axe!
* * * LOW HITPOINT WARNING * * *
You feel yourself speed up.
The orc priest mumbles some strange prayers to Beogh against you.
Beogh smites you!
You die...

##########
#........#
#.######.# #.#
#.# #.# #.#
#.######.#
#...÷.<#.#
########.#######
#.oo@..).......#
#§#####........#
#. #........# #o
#........# #.
#........# #.
#........# #.
#........# #.
..........
##########


You could see an orc warrior and an orc priest.

Vanquished Creatures
  Grinder (D:5)
  2 sky beasts (D:6)
  A phantom (D:7)
  A black bear (D:6)
  An eye of draining (D:6)
  A centaur (D:6)
  A big kobold (D:3)
  A scorpion (D:4)
  A howler monkey (D:6)
  4 orc priests
  3 bullfrog zombies (D:6)
  A hound (D:3)
  Terence (D:3)
  An orc wizard (D:6)
  3 worker ants (D:4)
  A hound zombie (D:5)
  2 worker ant zombies (D:6)
  Robin (D:2)
  2 gnolls
  6 adders
  An adder zombie (D:6)
  An adder skeleton (D:6)
  6 worms
  2 leopard geckos
  12 orcs
  11 bats
  3 giant cockroaches
  20 goblins
  16 hobgoblins
  5 jackals
  4 quokkas
  2 ball pythons (D:1)
  5 frilled lizards
  A giant cockroach zombie (D:6)
  A jackal skeleton (D:4)
  15 kobolds
  A leopard gecko zombie (D:6)
  8 rats
149 creatures vanquished.

Vanquished Creatures (others)
  An octopode (D:1)
  A vine stalker (D:1)
  2 vampires (D:1)
  A human (D:1)
  2 nagas (D:1)
  2 ogres (D:1)
  A mummy (D:1)
  An orc (D:1)
  A kobold (D:1)
  4 tentacles (D:1)
16 creatures vanquished.

Grand Total: 165 creatures vanquished

Notes
Turn   | Place    | Note
-------+----------+-------------------------------------------
     0 | D:1      | JeffiDaFish the Tengu Fire Elementalist began the quest for the Orb.
     0 | D:1      | Reached XP level 1. HP: 10/10 MP: 4/4
     0 | D:1      | Noticed a vampire
     0 | D:1      | Noticed a naga
     0 | D:1      | Noticed a vine stalker
     0 | D:1      | Noticed a vampire
     0 | D:1      | Noticed a kraken
     0 | D:1      | Noticed an ogre
     0 | D:1      | Noticed an ogre
     0 | D:1      | Noticed a human
     0 | D:1      | Noticed an octopode
     0 | D:1      | Noticed a naga
     3 | D:1      | Killed an ogre
     5 | D:1      | Killed a vine stalker
     6 | D:1      | Killed a naga
     7 | D:1      | Killed a vampire
     7 | D:1      | Killed a naga
     8 | D:1      | Killed an octopode
     9 | D:1      | Killed a human
    12 | D:1      | Killed an ogre
    12 | D:1      | Killed a vampire
   131 | D:1      | Reached XP level 2. HP: 13/15 MP: 0/6
   566 | D:1      | Reached XP level 3. HP: 19/19 MP: 7/7
   642 | D:1      | Reached skill level 4 in Fire Magic
   679 | D:1      | Gained mutation: Scrolls take you a little longer to read. [potion of mutation]
   679 | D:1      | Gained mutation: You possess an exceptional clarity of mind. [potion of mutation]
   689 | D:1      | Learned a level 3 spell: Conjure Flame
  1244 | D:2      | Reached XP level 4. HP: 24/24 MP: 6/9
  1277 | D:2      | Found a glowing silver altar of Zin.
  1375 | D:2      | Found an ornate altar of the Wu Jian Council.
  1376 | D:2      | Found an iron altar of Okawaru.
  1612 | D:2      | Found Zin's Purification Station.
  1821 | D:2      | Learned a level 4 spell: Sticky Flame
  1826 | D:2      | Noticed Robin
  1839 | D:2      | Killed Robin
  1929 | D:2      | Bought a potion of curing for 90 gold pieces
  2290 | D:3      | Gained mutation: You can fly. [Tengu growth]
  2290 | D:3      | Reached XP level 5. HP: 28/28 MP: 10/10
  2409 | D:3      | Found a burning altar of Makhleb.
  2887 | D:3      | Reached skill level 5 in Fire Magic
  2908 | D:3      | Found a shimmering altar of Xom.
  3131 | D:3      | Noticed a big kobold
  3170 | D:3      | Killed a big kobold
  3170 | D:3      | Reached XP level 6. HP: 16/32 MP: 1/12
  3364 | D:3      | Noticed Terence
  3376 | D:3      | Killed Terence
  3604 | D:4      | You fall through a shaft!
  3604 | D:5      | Entered Level 5 of the Dungeon
  3625 | D:5      | Noticed Grinder
  4062 | D:5      | Identified the +0 leather armour of the Endless Expanse {MR+ Str-4 Int+3 SInv} (You found it on level 5 of the Dungeon)
  4353 | D:5      | Killed Grinder
  4353 | D:5      | Reached skill level 6 in Fire Magic
  4353 | D:5      | Reached XP level 7. HP: 31/36 MP: 2/14
  4497 | D:5      | Learned a level 5 spell: Fireball
  4723 | D:4      | Found a staircase to the Ecumenical Temple.
  4732 | Temple   | Entered the Ecumenical Temple
  4806 | Temple   | Became a worshipper of Vehumet
  5390 | D:6      | Reached skill level 5 in Spellcasting
  5450 | D:6      | Reached XP level 8. HP: 41/41 MP: 2/17
  5700 | D:6      | Reached skill level 5 in Conjurations
  5700 | D:6      | Reached skill level 7 in Fire Magic
  5911 | D:6      | Reached * piety under Vehumet
  5911 | D:6      | Offered knowledge of Sandblast by Vehumet.
  6596 | D:6      | Found a bloodstained altar of Trog.
  6806 | D:7      | Reached skill level 8 in Fire Magic
  6899 | D:7      | Killed from afar by an orc priest

Vault maps used:
D:1:      nicolae_arrival_kraken_aquarium_a, wad_floor_pattern_1,
          minmay_pentomino_t4
D:2:      minmay_kobold_bridge, zin_purify, gammafunk_temple_overflow_pools,
          uniq_robin
D:3:      makhleb_heckhound_becter, first_ration, tgw_xom, uniq_terence
D:4:      temple_hall
D:5:      minmay_misc_feat_tiny, uniq_grinder
D:6:      trog_eyes_of_draining, serial_undead, serial_undead_c,
          serial_undead_c, serial_undead_f, serial_undead_c
D:7:      basic_altar
Temple:   nicolae_temple_elliptical

Skill      XL: |  1  2  3  4  5  6  7  8 |
---------------+-------------------------+-----
Fire Magic     | 4 5 6 8 |  8.1
Conjurations   | 2 3 4 6 |  6.1
Spellcasting   | 3 4 5 6 |  6.4
Dodging        | |  2.4
Stealth        | |  2.0

Action                   |  1- 3 |  4- 6 |  7- 9 || total
-------------------------+-------+-------+-------++-------
Melee: Unarmed           |    11 |       |       ||    11
       Peck              |     8 |    24 |    25 ||    57
       Kick              |    13 |    37 |    19 ||    69
       Short sword       |    37 |   166 |    75 ||   278
       Dagger            |     7 |       |       ||     7
 Cast: Flame Tongue      |    32 |    24 |    56 ||   112
       Sticky Flame      |       |     6 |    21 ||    27
       Conjure Flame     |       |     2 |     1 ||     3
  Use: Scroll            |     6 |    12 |     3 ||    21
       Potion            |     2 |     6 |     4 ||    12
 Stab: Sleeping          |     3 |    10 |     2 ||    15
  Eat: Chunk             |     1 |    12 |     9 ||    22
       Ration            |       |       |     1 ||     1
Armor: Robe              |    18 |    62 |    20 ||   100
Dodge: Dodged            |    53 |   134 |    52 ||   239
       Deflected         |     2 |     9 |       ||    11

Table legend:
 A = Spawn XP
 B = Non-spawn XP
 C = Spawn XP percentage of total XP
 D = Spawn monster count
 E = Non-spawn monster count
 F = Spawn count percentage of total count
 G = Total turns spent on level
                    A         B        C        D         E        F      G
               +---------+---------+-------+---------+---------+-------+---------
         Total |       0 |    2148 |   0.0 |       0 |     149 |   0.0 |  6899
               +---------+---------+-------+---------+---------+-------+---------
           D:1 |       0 |      48 |   0.0 |       0 |      28 |   0.0 |  1070
           D:2 |       0 |     116 |   0.0 |       0 |      43 |   0.0 |  1122
           D:3 |       0 |     255 |   0.0 |       0 |      28 |   0.0 |  1387
           D:4 |       0 |     187 |   0.0 |       0 |       8 |   0.0 |   627
           D:5 |       0 |     286 |   0.0 |       0 |       8 |   0.0 |   928
           D:6 |       0 |    1076 |   0.0 |       0 |      31 |   0.0 |  1534
           D:7 |       0 |     180 |   0.0 |       0 |       3 |   0.0 |   144
               +---------+---------+-------+---------+---------+-------+---------
